AoeStats
← OrcoDues

Lombardia

509952631Analyzed
4v4 RM · 2d ago on Sep 28, 2026· 48m 40s· 8 players
Game mode
Random Map
Map size
Large (8 player)
Population
200
Speed
Normal
Resources
Standard
Victory
Conquest
Starting age
Dark Age
Ending age
Imperial Age
RankedLock teamsTeams togetherTeam positionsShared explorationLock speedFull tech treeHidden civsTurbo modeCheats
Victory
Defeat
🇹🇷 Shu · Türkiye
1299
+12
1218
+15
🇵🇪 Turks · Peru
1204
+16
🇹🇷 Teutons · Türkiye
1141
+17
🇨🇭 Khmer · Switzerland
1222
-16
🇮🇹 Sicilians · Italy
1202
-15
🇮🇹 Magyars · Italy
1188
-15
🇮🇹 Huns · Italy
1169
-14
Aztecus
11:16 Feudal Age
15:39 Castle Age
14:10 Double-Bit Axe
16:51 Bow Saw
16:39 Horse Collar
26:01 Wheelbarrow
26:04 Gold Mining
26:05 Stone Mining
26:51 Scale Mail Armor
27:03 Forging
27:37 Gold Shaft Mining
28:34 Chain Mail Armor
28:51 Hand Cart
35:00 Imperial Age
32:38 Loom
32:43 Town Watch
33:23 First Crusade
34:41 Stone Shaft Mining
35:40 Town Patrol
35:25 Elite Serjeant
36:26 Conscription
36:56 Plate Mail Armor
37:02 Iron Casting
39:09 Fletching
40:19 Blast Furnace
39:50 Bodkin Arrow
42:22 Bracer
42:22 Padded Archer Armor
41:53 Elite Skirmisher
46:08 Leather Archer Armor
48:53 Chemistry
48:14 Ballistics
$P4D1N0
11:32 Feudal Age
14:53 Castle Age
13:09 Double-Bit Axe
14:03 Horse Collar
21:01 Loom
24:02 Bow Saw
25:31 Heavy Plow
27:06 Bloodlines
27:41 Wheelbarrow
28:17 Forging
28:28 Husbandry
28:34 Scale Barding Armor
29:24 Hand Cart
29:21 Gold Mining
33:50 Imperial Age
32:29 Chain Barding Armor
32:47 Iron Casting
33:57 Cavalier
35:16 Plate Barding Armor
36:40 Blast Furnace
35:26 Elite Battle Elephant
OrcoDues
10:51 Feudal Age
19:22 Castle Age
18:30 Loom
18:41 Gold Mining
18:39 Double-Bit Axe
19:33 Wheelbarrow
21:10 Bloodlines
21:23 Scale Barding Armor
21:39 Horse Collar
22:40 Town Watch
24:09 Stone Mining
26:58 Hand Cart
29:02 Chain Barding Armor
28:53 Forging
32:21 Gold Shaft Mining
31:53 Heavy Plow
32:45 Marauders
36:13 Imperial Age
34:52 Town Patrol
35:32 Iron Casting
38:21 Blast Furnace
40:23 Light Cavalry
41:03 Husbandry
42:34 Hussar
45:21 Caravan
Mr. Magnolia
10:42 Feudal Age
16:11 Castle Age
14:03 Double-Bit Axe
15:33 Scale Barding Armor
18:39 Loom
25:36 Bow Saw
26:08 Wheelbarrow
35:20 Imperial Age
32:50 Fletching
33:01 Padded Archer Armor
33:14 Bloodlines
33:05 Husbandry
33:15 Thumb Ring
33:32 Ballistics
34:16 Hand Cart
35:56 Bodkin Arrow
37:29 Chemistry
36:57 Parthian Tactics
37:03 Bracer
37:28 Leather Archer Armor
36:54 Heavy Cavalry Archer
42:50 Two-Man Saw
42:03 Town Watch
41:47 Light Cavalry
44:50 Chain Barding Armor
45:01 Ring Archer Armor
45:29 Recurve Bow
45:50 Conscription
46:02 Gold Mining
Kiyopon
2:02 Loom
10:45 Feudal Age
19:59 Castle Age
18:39 Double-Bit Axe
18:37 Horse Collar
19:10 Stone Mining
22:37 Wheelbarrow
24:56 Gold Mining
31:02 Imperial Age
29:11 Bow Saw
30:11 Heavy Plow
30:33 Hand Cart
31:52 Gold Shaft Mining
31:53 Elite Janissary
32:58 Conscription
35:51 Padded Archer Armor
36:30 Artillery
37:31 Masonry
37:42 Ballistics
37:19 Murder Holes
37:07 Treadmill Crane
39:01 Hoardings
39:28 Architecture
38:52 Fletching
39:17 Leather Archer Armor
39:08 Scale Barding Armor
39:13 Forging
40:13 Bloodlines
40:03 Husbandry
39:24 Heavy Camel Rider
40:28 Bodkin Arrow
41:04 Ring Archer Armor
42:43 Chain Barding Armor
42:59 Iron Casting
44:13 Bracer
45:48 Fortified Wall
47:35 Blast Furnace
Magi
4:54 Loom
10:13 Feudal Age
14:36 Castle Age
12:39 Double-Bit Axe
14:25 Horse Collar
16:31 Bow Saw
22:37 Gold Mining
23:47 Wheelbarrow
24:34 Stone Mining
29:30 Imperial Age
28:08 Hand Cart
27:48 Fletching
27:58 Padded Archer Armor
27:29 Crossbowman
29:19 Gold Shaft Mining
28:52 Scale Mail Armor
29:36 Leather Archer Armor
29:17 Bodkin Arrow
29:31 Thumb Ring
29:05 Pikeman
29:39 Arbalester
30:43 Ballistics
30:49 Conscription
31:36 Ring Archer Armor
31:22 Chain Mail Armor
32:22 Two-Man Saw
32:48 Chemistry
32:51 Bracer
33:02 Heavy Plow
33:15 Bolt Magazine
35:37 Plate Mail Armor
35:17 Forging
35:10 Squires
35:15 Halberdier
36:28 Scale Barding Armor
37:48 Siege Engineers
40:36 Town Watch
[FUCKI] Obi-One Canboneme
10:08 Feudal Age
10:01 Loom
11:58 Bloodlines
12:20 Scale Barding Armor
13:06 Forging
13:21 Double-Bit Axe
17:36 Horse Collar
21:15 Castle Age
21:16 Gold Mining
21:38 Light Cavalry
22:59 Iron Casting
22:45 Chain Barding Armor
24:14 Wheelbarrow
24:42 Husbandry
25:13 Bow Saw
27:19 Hand Cart
27:57 Heavy Plow
34:14 Imperial Age
32:23 Stone Mining
34:43 Stone Shaft Mining
34:53 Caravan
34:32 Hussar
36:38 Blast Furnace
35:39 Scale Mail Armor
35:24 Gothikon
36:57 Squires
36:45 Arson
36:38 Elite Varangian Guard
38:43 Chain Mail Armor
39:39 Plate Barding Armor
40:56 Plate Mail Armor
43:49 Pikeman
45:16 Halberdier
Albus
11:27 Feudal Age
9:43 Loom
12:36 Double-Bit Axe
12:33 Horse Collar
17:00 Castle Age
18:11 Scale Barding Armor
18:17 Forging
19:40 Bow Saw
19:31 Heavy Plow
22:54 Gold Mining
22:54 Stone Mining
24:55 Bloodlines
28:29 Wheelbarrow
28:52 Chain Barding Armor
29:07 Iron Casting
32:23 Imperial Age
30:08 Hand Cart
32:38 Cavalier
34:01 Crop Rotation
34:40 Two-Man Saw
34:17 Paladin
36:46 Blast Furnace
36:21 Plate Barding Armor
39:26 Stone Shaft Mining
41:33 Squires
41:18 Arson
41:19 Gambesons
Connection lost

Rejoining the realm…

Still unreachable

The connection could not be restored.

Session expired

The server has moved on; the page needs a fresh start.